 Dungeon Crawl Stone Soup version 0.31.0-1-g2c135a0 (webtiles) character file.

Game seed: 15912830406023989059

1155 mezmerelda the Cleaver (level 8, -2/64 HPs)
             Began as a Hill Orc Fighter on Feb 8, 2024.
             Was a Follower of Makhleb.
             Shot with an arrow by a centaur (7 damage)
             ... on level 6 of the Dungeon.
             The game lasted 00:14:34 (5713 turns).

mezmerelda the Cleaver (Hill Orc Fighter)           Turns: 5713, Time: 00:14:35

Health: -2/64      AC: 11    Str: 21    XL:     8   Next: 39%
Magic:  8/8        EV:  9    Int:  8    God:    Makhleb [*.....]
Gold:   284        SH:  4    Dex: 10    Spells: 7/7 levels left

rFire   . . .        a - +0 war axe
rCold   . . .        c - +0 buckler
rNeg    . . .        b - +0 scale mail
rPois   .            p - +2 helmet
rElec   .            (no cloak)
rCorr   .            h - +0 pair of gloves
SInv    .            (no boots)
Will    +....        (no amulet) Stlth
                     z - ring of willpower
HPRegen 0.30/turn    (no ring)
MPRegen 0.11/turn

%: no passive effects
@: no status effects
A: no striking features
a: Renounce Religion


You were on level 6 of the Dungeon.
You worshipped Makhleb.
Makhleb was aware of your devotion.
You visited 2 branches of the dungeon, and saw 7 of its levels.

You collected 284 gold pieces.

Inventory:

Hand Weapons
 a - a +0 war axe (weapon)
 l - a +2 dagger of venom
 A - a +3 hand axe
Armour
 b - a +0 scale mail (worn)
 c - a +0 buckler (worn)
 h - a +0 pair of gloves (worn)
 p - a +2 helmet (worn)
Jewellery
 x - a ring of wizardry
 y - an amulet of faith
 z - a ring of willpower (left hand)
Wands
 q - a wand of light (7)
Scrolls
 i - a scroll of poison {unknown}
 j - a scroll of fog {unknown}
 m - 3 scrolls of teleportation {unknown}
 n - a scroll of acquirement {unknown}
 o - a scroll of vulnerability {unknown}
 t - 2 scrolls of enchant weapon {unknown}
 u - 3 scrolls of revelation {unknown}
 v - a scroll of summoning {unknown}
 w - a scroll of enchant armour {unknown}
 B - a scroll of torment {unknown}
Potions
 d - a potion of might
 f - 2 potions of magic
 g - 3 potions of attraction
 k - 2 potions of enlightenment
 r - 3 potions of haste
 s - a potion of lignification
 C - a potion of resistance
 D - a potion of brilliance {unknown}
 E - a potion of degeneration {unknown}


   Skills:
 - Level 3.6 Fighting
 + Level 12.8 Axes
 - Level 3.2 Armour
 - Level 3.2 Shields


You had 7 spell levels left.
You didn't know any spells.
Your spell library contained the following spells:

 Spells                   Type           Power      Damage    Failure   Level
 Ensorcelled Hibernation  Hex/Ice        0%         N/A       91%         2
 Passwall                 Erth           0%         N/A       99%         3
 Swiftness                Air            0%         N/A       99%         3


Dungeon Overview and Level Annotations

Branches:
Dungeon (6/15)             Temple (1/1) D:6

Altars:
Ashenzari
Dithmenos
Elyvilon
Fedhas
Gozag
Hepliaklqana
Kikubaaqudgha
Makhleb
Nemelex Xobeh
Okawaru
Qazlal
Ru
Sif Muna
Uskayaw
Vehumet
Wu Jian
Xom
Yredelemnul
Zin
The Shining One


Message History

There is an escape hatch in the floor here.
There is a stone staircase leading down here.
You climb downwards.
There is a stone staircase leading up here.
Found an escape hatch in the floor.
You now have 284 gold pieces (gained 5).
Found a granite statue.
m - 3 scrolls labelled TIOTSI EQAN (gained 1)
You open the door.
A two-headed ogre comes into view. It is wielding two +0 giant clubs.
The two-headed ogre shouts in stereo!
Found 20 gold pieces, a scroll labelled GAJINATOTI and a spear.
Okay, then.
Press: ? - help, v - describe, . - travel
Here: a two-headed ogre, wielding two +0 giant clubs The floor.
You close the door.
A two-headed ogre opens the door.
A centaur comes into view.
The centaur shouts!
The centaur wields a +0 orcbow.
The centaur shoots an arrow.
The arrow hits you.
The centaur shoots an arrow.
The arrow barely misses you.
The two-headed ogre attacks as it pursues you!
The two-headed ogre hits you with a +0 giant club.
The two-headed ogre closely misses you.
The two-headed ogre attacks as it pursues you!
The two-headed ogre hits you with a +0 giant club!!
The two-headed ogre hits you with a +0 giant club!
The centaur shoots an arrow.
You block the arrow.
The centaur shoots an arrow.
You block the arrow. The two-headed ogre barely misses you.
The two-headed ogre hits you with a +0 giant club!
* * * LOW HITPOINT WARNING * * *
The two-headed ogre attacks as it pursues you!
The two-headed ogre barely misses you. The two-headed ogre closely misses you.
The centaur shoots an arrow.
You block the arrow.
The centaur shoots an arrow.
The arrow hits you!
* * * LOW HITPOINT WARNING * * *
The centaur shoots an arrow.
The arrow hits you!
You die...

###>........# #.#
#.#######.# #.######+
#......##.# #........
#.####.##.#####........
#.# #.##.#...⌠.......8 #.#
#.##..............
####.####.##...⌠.>.⌠......
#.........##.........####'
#........@##.....⌠...# ..
#.........##.....#.#.# ...
#.........##.....#.#.##...
#........O##.......#.##...
#.........##....#..#.###)$
#.......c.##....##...# ###
#.........##....##...#
#########.##....##...#
###########..####......#


You could see a two-headed ogre and a centaur.

Vanquished Creatures
  A black bear (D:4)
  A kobold brigand (D:5)
  3 phantoms
  Blork the orc (D:5)
  3 scorpions (D:5)
  A bombardier beetle (D:4)
  3 jellies (D:5)
  5 hounds
  2 orc wizards (D:4)
  4 adders
  4 gnolls (D:5)
  2 white imps
  2 ribbon worms (D:4)
  2 dart slugs
  11 orcs
  4 ball pythons
  3 endoplasms
  3 giant cockroaches
  6 goblins
  6 hobgoblins
  6 jackals (D:1)
  6 quokkas
  5 bats
  6 frilled lizards
  14 kobolds
  6 rats
110 creatures vanquished.

Notes
Turn   | Place    | Note
-------+----------+-------------------------------------------
     0 | D:1      | mezmerelda the Hill Orc Fighter began the quest for the
                  | Orb.
     0 | D:1      | Reached XP level 1. HP: 19/19 MP: 1/1
    49 | D:1      | Reached skill level 3 in Axes
    94 | D:1      | Reached XP level 2. HP: 23/26 MP: 2/2
   139 | D:2      | Reached skill level 4 in Axes
   229 | D:2      | Reached skill level 5 in Axes
   229 | D:2      | Reached XP level 3. HP: 27/31 MP: 3/3
   242 | D:2      | Reached XP level 4. HP: 39/39 MP: 4/4
   372 | D:4      | Reached skill level 6 in Axes
   444 | D:5      | Entered Level 5 of the Dungeon
   484 | D:4      | Reached XP level 5. HP: 45/45 MP: 5/5
   529 | D:4      | Noticed a black bear
   572 | D:5      | Reached skill level 7 in Axes
   957 | D:5      | Noticed a phantom
   972 | D:5      | Killed a phantom
   973 | D:5      | Reached skill level 8 in Axes
   973 | D:5      | Reached XP level 6. HP: 35/51 MP: 6/6
  1243 | D:5      | Reached skill level 9 in Axes
  1418 | D:5      | Noticed Blork the orc
  1428 | D:5      | Killed Blork the orc
  1429 | D:5      | Reached XP level 7. HP: 19/57 MP: 7/7
  1572 | D:5      | Reached skill level 10 in Axes
  1824 | D:6      | Found a staircase to the Ecumenical Temple.
  1831 | Temple   | Entered the Ecumenical Temple
  1858 | Temple   | Became a worshipper of Makhleb the Destroyer
  1988 | D:4      | Reached skill level 11 in Axes
  2985 | D:1      | Reached XP level 8. HP: 63/64 MP: 8/8
  3151 | D:1      | You fall into a shaft and drop 1 floor!
  3316 | D:1      | Reached * piety under Makhleb
  3835 | D:2      | Reached skill level 12 in Axes
  4247 | D:3      | Found a blossoming altar of Fedhas.
  4247 | D:3      | Found a hide-covered altar of Uskayaw.
  4247 | D:3      | Found a glowing silver altar of Zin.
  4251 | D:3      | Found a shadowy altar of Dithmenos.
  4252 | D:3      | Found an iron altar of Okawaru.
  4254 | D:3      | Found a broken altar of Ashenzari.
  4255 | D:3      | Found an ornate altar of the Wu Jian Council.
  4257 | D:3      | Found an opulent altar of Gozag.
  4261 | D:3      | Found a basalt altar of Yredelemnul.
  4262 | D:3      | Found a sacrificial altar of Ru.
  5680 | D:6      | Noticed a two-headed ogre
  5713 | D:6      | Shot with an arrow by a centaur

Illustrated notes

Levels and vault maps discovered:
D:1:      dpeg_arrival_signposts, layout_basic, roderic_roman_lattice,
          minmay_door_square, hangedman_abyss_or_decor_stabs
D:2:      layout_basic, minmay_stone_trees_small, minmay_box_of_dots
D:3:      layout_basic, nicolae_overflow_hallway_of_the_gods,
          chequers_serial_rivers_room_b
D:4:      layout_basic, mainiacjoe_sewer_entry_somewhere_in_here_2
D:5:      cheibrodos_thug_alley, layout_basic, uniq_blork_the_orc
D:6:      layout_basic, temple_fountains, minmay_three_doors
Temple:   dpeg_chambers_temple

Skill      XL: |  1  2  3  4  5  6  7  8 |
---------------+-------------------------+-----
Axes           | 3 5 6 8 9 11 12 | 12.8
Fighting       | |  3.6
Armour         | |  3.2
Shields        | |  3.2

Action                     |  1- 3 |  4- 6 |  7- 9 || total
---------------------------+-------+-------+-------++-------
  Melee: War axe           |    41 |   121 |   205 ||   367
    Use: Scroll            |       |       |     6 ||     6
 Armour: Scale mail        |    21 |    92 |   127 ||   240
  Dodge: Dodged            |    21 |    58 |    89 ||   168
  Block: Buckler           |    11 |    21 |    40 ||    72
